 Dungeon Crawl Stone Soup version 0.23-a0-181-g24f899a (webtiles) character file.

12064 Xenophilius the Zephyrmancer (level 11, -1/94 HPs)
             Began as a Black Draconian Air Elementalist on Sept 19, 2018.
             Was a High Priest of Sif Muna.
             Slain by Urug
             ... wielding a +2 battleaxe of flaming
              (7 damage)
             ... on level 11 of the Dungeon.
             The game lasted 01:01:56 (13583 turns).

Xenophilius the Zephyrmancer (DrAE)                Turns: 13583, Time: 01:01:57

Health: -1/94      AC:  8    Str: 10    XL:     11   Next: 57%
Magic:  15/21      EV: 15    Int: 19    God:    Sif Muna [*****.]
Gold:   479        SH:  5    Dex: 17    Spells: 6/23 levels left

rFire    . . .     SeeInvis .   b - +2 whip (drain)
rCold    . . .     Gourm    .   W - +0 buckler
rNeg     . . .     Faith    .   (armour unavailable)
rPois    .         Spirit   .   (helmet restricted)
rElec    +         Reflect  .   (no cloak)
rCorr    .         Harm     .   Q - +0 pair of gloves
MR       .....                  (no boots)
Stlth    +++.......             v - amulet of regeneration
HPRegen  0.65/turn              C - ring of stealth
MPRegen  0.17/turn              T - +5 ring of dexterity

@: swift, short of breath, quick
A: breathe lightning, unfitting armour, electricity resistance, cold-blooded, AC
+7
a: Breathe Lightning, Divine Energy, Channel Magic, Forget Spell, Renounce
Religion


You were on level 11 of the Dungeon.
You worshipped Sif Muna.
Sif Muna was extremely pleased with you.
You were not hungry.

You visited 2 branches of the dungeon, and saw 12 of its levels.

You collected 479 gold pieces.

Inventory:

Hand Weapons
 a - a +1 dagger of venom
 b - a +2 whip of draining (weapon)
 w - a +2 morningstar of holy wrath
 H - a +1 flail of draining
 P - a +2 war axe of electrocution
Missiles
 g - 273 stones (quivered)
 n - 18 poisoned needles
 o - 69 bolts
 t - 54 sling bullets
 y - 221 arrows
 I - 7 tomahawks
 U - 4 throwing nets
 Y - 4 curare-tipped needles
Armour
 Q - a +0 pair of gloves (worn)
 W - a +0 buckler (worn)
Jewellery
 v - an amulet of regeneration (around neck)
 C - a ring of stealth (left hand)
 J - an uncursed ring of see invisible
 T - a +5 ring of dexterity (right hand)
Wands
 z - a wand of digging (16)
 K - a wand of clouds (7)
 M - a wand of flame (26)
Scrolls
 h - 5 scrolls of remove curse
 j - a scroll of fog
 k - a scroll of amnesia {unknown}
 l - a scroll of enchant armour
 r - 4 scrolls of teleportation
 x - a scroll of noise {unknown}
 B - a scroll of magic mapping {unknown}
 F - 2 scrolls of enchant weapon {unknown}
 G - 3 scrolls of immolation
Potions
 c - a potion of cancellation {unknown}
 d - 4 potions of curing
 i - 4 potions of lignification
 p - 2 potions of brilliance
 s - a potion of resistance
 u - 7 potions of heal wounds
 A - 2 potions of ambrosia
 N - 2 potions of might
 S - a potion of magic
 V - a potion of degeneration {unknown}
Comestibles
 f - a chunk of flesh
 O - 20 rations


   Skills:
 + Level 8.0 Fighting
 + Level 5.4 Dodging
 - Level 1.7 Stealth
 * Level 3.3 Shields
 + Level 6.9 Spellcasting
 + Level 7.7 Conjurations
 - Level 1.0 Charms
 + Level 4.9 Transmutations
 + Level 12.3 Air Magic
 + Level 2.5 Invocations


You had 6 spell levels left.
You knew the following spells:

 Your Spells              Type           Power        Failure   Level  Hunger
a - Shock                 Conj/Air       ####         1%          1    None
b - Lightning Bolt        Conj/Air       #####.....   4%          5    #####..
d - Static Discharge      Conj/Air       #####...     1%          3    #......
s - Airstrike             Air            ######....   1%          4    ###....
N - Sticks to Snakes      Tmut           ####....     2%          2    None
W - Swiftness             Chrm/Air       ####....     1%          2    None

Your spell library contained the following spells:

 Spells                   Type           Power        Failure   Level  Hunger
 Beastly Appendage        Tmut           ####..       1%          1    None
 Sting                    Conj/Pois      ###.         2%          1    None
 Animate Skeleton         Necr           N/A          11%         1    None
 Apportation              Tloc           #.....       11%         1    None
 Confusing Touch          Hex            #.....       11%         1    None
 Summon Small Mammal      Summ           #...         11%         1    None
 Spider Form              Tmut/Pois      ###.......   12%         3    #......
 Fulminant Prism          Conj/Hex       ###.......   22%         4    ###....
 Ice Form                 Ice/Tmut       ###.....     36%         4    ###....
 Blade Hands              Tmut           ####......   38%         5    #####..
 Venom Bolt               Conj/Pois      ###.......   52%         5    #####..
 Bolt of Cold             Conj/Ice       ###.......   98%         6    ######.
 Orb of Destruction       Conj           #####.....   98%         7    #######


Dungeon Overview and Level Annotations

Branches:
Dungeon (11/15)            Temple (1/1) D:5            Lair (0/6) D:9
    Orc (0/2) D:9

Altars:
Ashenzari
Cheibriados
Dithmenos
Elyvilon
Fedhas
Gozag
Hepliaklqana
Kikubaaqudgha
Makhleb
Nemelex Xobeh
Okawaru
Qazlal
Ru
Sif Muna
Trog
Uskayaw
Vehumet
Wu Jian
Xom
Yredelemnul
Zin
The Shining One

Shops:
D:6 *

Annotations:
D:11 Urug


Innate Abilities, Weirdness & Mutations

You can breathe wild blasts of lightning.
Your glossy black scales are hard. (AC +7)
You cannot fit into any form of body armour.
You are resistant to electric shocks. (rElec)
You are cold-blooded and may be slowed by cold attacks.


Message History

The stone arrow hits something.
Reactivating autopickup.
Urug throws a javelin.
The javelin hits you.
You see here a javelin.
Urug throws a javelin.
The javelin hits you!
You see here a javelin.
Urug throws a javelin.
The javelin closely misses you.
Urug throws a javelin.
The javelin hits you!
Urug screams, "Bird-brain!"
An ice beast comes into view.
The crimson imp throws a stone.
You block the stone.
You see here a stone.
Unknown command.
An orc warrior comes into view. It is wielding a war axe.
Unknown command.
There is a stone staircase leading up, spattered with blood here.
Urug hits you with a battleaxe of flaming!!
* * * LOW HITPOINT WARNING * * *
Urug burns you!
You die...

#.......(.(.#
##.....5....#
............#
###..oY.9...#
...........#
###........(#
#.........#
#.......o.#
#.......@.#
......)..#
##########


You could see Urug, an orc warrior, a gargoyle, an ice beast and a crimson imp.

Vanquished Creatures
  Harold (D:9)
  Erolcha (D:11)
  Sonja (D:10)
  An unseen horror (D:10)
  A troll (D:9)
  3 hornets (D:9)
  Grinder (D:5)
  2 hippogriffs
  A vampire (D:10)
  A wyvern (D:10)
  A basilisk (D:9)
  10 yaks
  A water moccasin (D:10)
  2 porcupines (D:9)
  Duvessa (D:5)
  4 phantoms
  5 orc warriors
  2 sky beasts (D:4)
  An eye of draining (D:10)
  8 ogres
  A black bear (D:9)
  4 centaurs
  5 crocodiles
  2 big kobolds (D:9)
  3 bullfrogs
  2 gnoll sergeants (D:9)
  Dowan (D:5)
  6 scorpions
  5 killer bees (D:9)
  9 wights
  6 howler monkeys
  5 crimson imps
  2 quasits
  3 jellies
  A bullfrog zombie (D:10)
  4 hounds
  7 orc priests
  A centaur skeleton (D:9)
  2 bullfrog skeletons
  12 orc wizards
  3 iguanas
  3 worker ants
  A hound skeleton (D:8)
  15 gnolls
  A howler monkey skeleton (D:10)
  13 adders
  2 shadow imps
  An ooze (D:1)
  An adder zombie (D:5)
  2 adder skeletons
  2 worms
  A dart slug (D:2)
  7 leopard geckos
  56 orcs
  8 giant cockroaches
  4 goblins
  10 hobgoblins
  9 jackals
  7 kobolds
  5 quokkas
  3 ball pythons
  11 bats
  7 frilled lizards
  A leopard gecko skeleton (D:5)
  6 rats
308 creatures vanquished.

Vanquished Creatures (others)
  An unseen horror (D:11)
  A yak (D:11)
  An ogre (D:11)
  A quokka (D:11)
  3 fungi (D:9)
  10 plants (D:9)
17 creatures vanquished.

Grand Total: 325 creatures vanquished

Notes
Turn   | Place    | Note
-------+----------+-------------------------------------------
     0 | D:1      | Xenophilius the Draconian Air Elementalist began the quest
                  | for the Orb.
     0 | D:1      | Reached XP level 1. HP: 14/14 MP: 3/3
   321 | D:1      | Reached XP level 2. HP: 22/22 MP: 1/5
   364 | D:1      | Learned a level 2 spell: Swiftness
   958 | D:1      | Reached XP level 3. HP: 27/27 MP: 4/6
  1219 | D:1      | Reached skill level 1 in Fighting
  1426 | D:1      | Learned a level 3 spell: Static Discharge
  1941 | D:2      | Found a hazy altar of Hepliaklqana.
  2073 | D:2      | Reached XP level 4. HP: 33/35 MP: 3/7
  2147 | D:2      | Found an ornate altar of the Wu Jian Council.
  2290 | D:3      | Reached skill level 1 in Charms
  2455 | D:3      | Found a snail-covered altar of Cheibriados.
  2814 | D:3      | Reached skill level 4 in Air Magic
  3067 | D:3      | Found a bloodstained altar of Trog.
  3516 | D:4      | Reached XP level 5. HP: 41/41 MP: 1/8
  4213 | D:4      | Reached XP level 6. HP: 38/50 MP: 5/10
  4310 | D:5      | Entered Level 5 of the Dungeon
  4321 | D:4      | Reached skill level 5 in Air Magic
  4441 | D:5      | Noticed Duvessa
  4484 | D:5      | Your scales start taking on a glossy black colour.
  4484 | D:5      | Reached skill level 6 in Air Magic
  4484 | D:5      | Reached XP level 7. HP: 57/57 MP: 4/11
  4484 | D:5      | Gained mutation: You are resistant to electric shocks.
                  | (rElec) [Black Draconian growth]
  4518 | D:4      | Learned a level 4 spell: Airstrike
  4591 | D:5      | Noticed Dowan
  4596 | D:5      | Killed Duvessa
  4665 | D:5      | Killed Dowan
  4665 | D:5      | Reached skill level 7 in Air Magic
  4921 | D:5      | Found a staircase to the Ecumenical Temple.
  4931 | Temple   | Entered the Ecumenical Temple
  4986 | Temple   | Became a worshipper of Sif Muna the Loreminder
  5052 | D:5      | Noticed Grinder
  5106 | D:5      | Paralysed by Grinder for 3 turns
  5129 | D:4      | Reached XP level 8. HP: 41/66 MP: 6/14
  5189 | D:5      | Killed Grinder
  5189 | D:5      | Reached skill level 8 in Air Magic
  5525 | D:6      | Found a white marble altar of Elyvilon.
  5569 | D:5      | Learned a level 5 spell: Lightning Bolt
  5676 | D:6      | Reached * piety under Sif Muna
  5676 | D:6      | Reached skill level 5 in Conjurations
  5922 | D:6      | Found Zin's Purification Station.
  5922 | D:6      | Found a glowing silver altar of Zin.
  6232 | D:6      | Reached skill level 5 in Fighting
  6232 | D:6      | Reached skill level 9 in Air Magic
  6542 | D:6      | Reached XP level 9. HP: 58/74 MP: 6/16
  7151 | D:7      | Reached skill level 5 in Spellcasting
  7223 | D:7      | Reached ** piety under Sif Muna
  7546 | D:7      | Found a glowing golden altar of the Shining One.
  7600 | D:7      | Found a bloodstained altar of Trog.
  7661 | D:7      | Reached skill level 10 in Air Magic
  8329 | D:6      | Reached *** piety under Sif Muna
  8577 | D:7      | Reached XP level 10. HP: 84/84 MP: 9/18
  8667 | D:8      | Learned a level 2 spell: Sticks to Snakes
  8730 | D:8      | Reached skill level 11 in Air Magic
  8798 | D:8      | Reached skill level 1 in Transmutations
  9082 | D:8      | Found a shimmering altar of Xom.
  9401 | D:8      | Found a sparkling altar of Nemelex Xobeh.
  9697 | D:8      | Found a shadowy altar of Dithmenos.
  9811 | D:9      | Reached **** piety under Sif Muna
 10138 | D:9      | Found an ancient bone altar of Kikubaaqudgha.
 10567 | D:9      | Found a staircase to the Lair.
 10996 | D:9      | Noticed Harold
 11008 | D:9      | Killed Harold
 11008 | D:9      | Reached skill level 12 in Air Magic
 11111 | D:9      | Found an opulent altar of Gozag.
 11213 | D:9      | Reached XP level 11. HP: 36/92 MP: 7/20
 11620 | D:9      | Reached skill level 5 in Dodging
 11631 | D:9      | Reached skill level 1 in Shields
 11631 | D:9      | Reached skill level 1 in Invocations
 11632 | D:9      | Reached ***** piety under Sif Muna
 11827 | D:9      | Found a staircase to the Orcish Mines.
 12087 | D:9      | Paralysed by a hornet for 1 turns
 12380 | D:10     | Entered Level 10 of the Dungeon
 12397 | D:10     | Identified Sif Muna's Catalogue of Harmful Envenoming (Sif
                  | Muna gifted it to you on level 10 of the Dungeon)
 12397 | D:10     | Received a gift from Sif Muna
 12474 | D:10     | Noticed Sonja
 12490 | D:10     | Killed Sonja
 13373 | D:10     | Noticed an unseen horror
 13378 | D:10     | Killed an unseen horror
 13509 | D:11     | Noticed a white ugly thing
 13564 | D:11     | Noticed Erolcha
 13564 | D:11     | Noticed Urug
 13566 | D:11     | Killed Erolcha
 13573 | D:11     | Killed an unseen horror
 13583 | D:11     | Slain by Urug

Vault maps used:
D:1:      lemuel_arrival_river_ford, serial_bayou_lagoon_a
D:2:      lemuel_doored_altar, overflow_temple_1_default, first_ration
D:3:      cheibriados_altar_1, marbit_many_paths
D:5:      minmay_temple_entry_glassed_door, uniq_grinder, uniq_duvessa
D:6:      lemuel_crystal_altar, zin_purify, minmay_item_behind_shaft
D:7:      nicolae_tso_carved_into_rock, basic_altar
D:8:      kennysheep_mini, lemuel_coloured_pillars_altar, nemelex_altar_shiori,
          uniq_erica
D:9:      kiku_gazebo_pond_becter,
          nicolae_gozag_cash_rules_everything_around_me,
          minmay_lair_entry_grove, kennysheep_orc_monster_closet_entryway,
          hangedman_pestilent_swarm, uniq_harold
D:10:     uniq_sonja
D:11:     xom_confusion_cloud, uniq_snorg, uniq_erolcha, uniq_urug
Temple:   jpeg_temple_alley_garden

Skill      XL: |  1  2  3  4  5  6  7  8  9 10 11 |
---------------+----------------------------------+-----
Fighting       | 1 2 3 4 5 6 7 8 |  8.0
Conjurations   | 2 3 4 5 6 7 |  7.7
Charms         | 1 |  1.0
Air Magic      | 4 6 7 9 10 12 | 12.3
Spellcasting   | 3 4 5 6 |  6.9
Dodging        | 2 4 5 |  5.4
Transmutations | 4 |  4.9
Shields        | 3 |  3.3
Invocations    | 2 |  2.5
Stealth        | |  1.7

Action                   |  1- 3 |  4- 6 |  7- 9 | 10-12 || total
-------------------------+-------+-------+-------+-------++-------
Melee: Unarmed           |     3 |       |       |       ||     3
       Whip              |    33 |    79 |    30 |   105 ||   247
       Tailslap          |       |     6 |    10 |    13 ||    29
       Short sword       |       |       |   134 |    21 ||   155
       Morningstar       |       |       |       |    22 ||    22
       Dagger            |       |       |       |     7 ||     7
 Cast: Shock             |    72 |    95 |   136 |   237 ||   540
       Static Discharge  |       |     1 |    56 |    59 ||   116
       Lightning Bolt    |       |       |     2 |     3 ||     5
       Airstrike         |       |       |     1 |     9 ||    10
       Swiftness         |       |       |       |     1 ||     1
 Abil: Breathe Lightning |       |       |     6 |     3 ||     9
  Use: Scroll            |       |     7 |     3 |     6 ||    16
 Stab: Sleeping          |     1 |     5 |     2 |     4 ||    12
  Eat: Chunk             |     5 |     8 |    15 |    20 ||    48
       Ration            |       |       |     1 |       ||     1
Armor: Skin              |    14 |    30 |    54 |    43 ||   141
Dodge: Dodged            |    26 |    58 |   146 |   148 ||   378
Block: Buckler           |       |       |       |    27 ||    27

Table legend:
 A = Non-vault XP
 B = Vault XP
 C = Vault XP percentage of total XP
 D = Non-vault monster count
 E = Vault monster count
 F = Vault count percentage of total count
                 A         B        C        D         E       F
            +---------+---------+-------+---------+---------+-------
      Total |   10102 |    7133 |  41.4 |     265 |      43 |  14.0
            +---------+---------+-------+---------+---------+-------
        D:1 |      49 |       0 |   0.0 |      27 |       0 |   0.0
        D:2 |      49 |       0 |   0.0 |      14 |       0 |   0.0
        D:3 |      93 |       2 |   2.1 |      24 |       1 |   4.0
        D:4 |     616 |       0 |   0.0 |      22 |       0 |   0.0
        D:5 |     560 |     498 |  47.1 |      15 |       3 |  16.7
        D:6 |    1808 |       0 |   0.0 |      45 |       0 |   0.0
        D:7 |    2036 |       0 |   0.0 |      27 |       0 |   0.0
        D:8 |    1269 |       0 |   0.0 |      34 |       0 |   0.0
        D:9 |    1210 |    4866 |  80.1 |      33 |      37 |  52.9
       D:10 |    2277 |     814 |  26.3 |      22 |       1 |   4.3
       D:11 |     135 |     953 |  87.6 |       2 |       1 |  33.3
            +---------+---------+-------+---------+---------+-------
